 Dungeon Crawl Stone Soup version 0.31-a0-988-g08d55dae12 (webtiles) character file.

Game seed: 17693785996269873420

3947 Azuregosa the Covert (level 10, -3/66 (73) HPs)
             Began as an Octopode Delver on Nov 6, 2023.
             Was a Follower of Okawaru.
             Slain by a wight
             ... wielding a +0 battleaxe
              (18 damage)
             ... on level 7 of the Dungeon.
             The game lasted 00:29:24 (7170 turns).

Azuregosa the Covert (Octopode Delver)              Turns: 7170, Time: 00:29:25

HP:   -3/66 (73)    AC:  1    Str: 11    XL:     10   Next: 21%
MP:   28/28         EV: 19    Int:  8    God:    Okawaru [*.....]
Gold: 288           SH:  6    Dex: 18    Spells: 9/9 levels left

rFire   + + .        h - +9 whip "Uquc" {drain, rF++ Int-5}
rCold   + + .        q - +0 buckler
rNeg    . . .        (helmet restricted)
rPois   .            (no amulet)
rElec   .            n - +5 ring of evasion
rCorr   +            x - ring of magical power
SInv    +            y - ring of see invisible
Will    .....        B - ring of resist corrosion
Stlth   ++++++       N - ring of protection from cold
HPRegen 0.31/turn    S - ring of magical power
MPRegen 0.21/turn    V - ring of protection from cold
                     (no ring)

%: no passive effects
@: drained
A: almost no armour, amphibious, 8 rings, camouflage 1, gelatinous body 1,
(nimble swimmer 1), tentacles
a: Renounce Religion, Heroism


You were on level 7 of the Dungeon.
You worshipped Okawaru.
Okawaru was aware of your devotion.
You visited 2 branches of the dungeon, and saw 9 of its levels.
You also visited: Ossuary.

You collected 372 gold pieces.
You spent 84 gold pieces at shops.

Inventory:

Hand Weapons
 h - the +9 whip "Uquc" (weapon) {drain, rF++ Int-5}
   (You found it on level 3 of the Dungeon)

   Int-5:     It affects your intelligence (-5).
   rF++:      It greatly protects you from fire.
 m - a +4 scimitar of freezing
 G - a +4 trident of draining
 U - a +0 whip of flaming
 Y - a +4 battleaxe
 Z - a +3 long sword
Missiles
 g - 80 stones
 t - 5 boomerangs
 E - 11 poisoned darts
 X - 3 javelins
Armour
 q - a +0 buckler (worn)
 H - an orb of energy
Jewellery
 n - a +5 ring of evasion (left tentacle)
 x - a ring of magical power (right tentacle)
 y - a ring of see invisible (on tentacle)
 B - a ring of resist corrosion (on tentacle)
 N - a ring of protection from cold (on tentacle)
 S - a ring of magical power (on tentacle)
 V - a ring of protection from cold (on tentacle)
Talismans
 v - a beast talisman
 R - a blade talisman
 T - a serpent talisman
Wands
 a - a wand of flame (45)
 f - a wand of digging (2)
 u - a wand of mindburst (5)
 A - a wand of iceblast (7)
Scrolls
 b - a scroll of fog
 c - a scroll of immolation
 d - 4 scrolls of fear
 i - 4 scrolls of enchant armour {unknown}
 p - 7 scrolls of teleportation
 s - 2 scrolls of silence {unknown}
 D - 2 scrolls of brand weapon {unknown}
 F - a scroll of amnesia
 J - 2 scrolls of noise {unknown}
 L - a scroll of revelation
 O - 2 scrolls of poison
 P - a scroll of vulnerability
 Q - 2 scrolls of torment
 W - a scroll of enchant weapon
Potions
 e - 4 potions of haste
 j - a potion of degeneration
 k - 3 potions of brilliance {unknown}
 l - 2 potions of magic {unknown}
 o - 3 potions of berserk rage {unknown}
 r - 5 potions of curing
 z - 3 potions of enlightenment {unknown}
 C - 4 potions of heal wounds {unknown}
 I - a potion of ambrosia
 K - a potion of invisibility
 M - 3 potions of might


   Skills:
 + Level 8.7 Fighting
 + Level 8.3 Maces & Flails
 + Level 4.3 Dodging
 - Level 10.0 Stealth
 - Level 5.7 Shields


You had 9 spell levels left.
You didn't know any spells.
Your spell library contained the following spells:

 Spells                   Type           Power      Damage    Failure   Level
 Kiss of Death            Conj/Necr      0%         2d5       52%         1
 Confusing Touch          Hex            0%         N/A       87%         3
 Dispel Undead            Necr           0%         3d6       99%         4
 Summon Small Mammal      Summ           Unusable   N/A       N/A         1
 Call Canine Familiar     Summ           Unusable   N/A       N/A         3
 Summon Guardian Golem    Hex/Summ       Unusable   N/A       N/A         3

Dungeon Overview and Level Annotations

Branches:
Dungeon (8/15)             Temple (1/1) D:6         Ossuary (visited)
   Lair: D:8-11

Altars:
Ashenzari
Cheibriados
Dithmenos
Elyvilon
Fedhas
Gozag
Hepliaklqana
Kikubaaqudgha
Nemelex Xobeh
Okawaru
Qazlal
Ru
Sif Muna
Trog
Uskayaw
Vehumet
Wu Jian
Xom
Yredelemnul
Zin
The Shining One

Shops:
D:5 [[::=   D:7 *[[(


Innate Abilities, Weirdness & Mutations

You cannot wear most types of armour.
You are amphibious.
You can wear up to eight rings at the same time.
Your skin changes colour to match your surroundings (Stealth+).
Your rubbery body absorbs attacks. (AC +1, EV +1)
((You are camouflaged when in or above water. (Stealth+)))
You have tentacles for arms and can constrict up to eight enemies at once.


Message History

The wight hits you with a +2 flail of freezing!
You feel drained. The wight freezes you. The wight hits you with a +0 scimitar!
The wight misses you.
The orc warrior hits you with a +0 short sword.
The wight closely misses you.
There is a stone staircase leading up, spattered with blood here.
The orc warrior closely misses you. The wight hits you with a +0 scimitar.
You feel drained.
The wight hits you with a +2 flail of freezing!
You feel drained. The wight freezes you.
You climb upwards.
There is a stone staircase leading down, spattered with blood here.
Things that are here:
a +0 short sword; a +0 flail; a +0 whip You hit the orc warrior.
You drain the orc warrior. You grab the orc warrior.
The orc warrior is lightly wounded.
You constrict the orc warrior, but do no damage.
You hit the orc warrior.
The orc warrior is moderately wounded.
You constrict the orc warrior. The wight barely misses you.
The orc warrior hits you with a +0 short sword.
* * * LOW HITPOINT WARNING * * *
You hit the orc warrior but do no damage.
The orc warrior is moderately wounded.
You constrict the orc warrior. The wight barely misses you.
The orc warrior hits you with a +0 short sword.
* * * LOW HITPOINT WARNING * * *
You hit the orc warrior. You drain the orc warrior.
You squeeze the orc warrior.
The orc warrior is almost dead.
You constrict the orc warrior, but do no damage.
The wight misses you. You block the orc warrior's attack.
You hit the orc warrior. Your squeeze misses the orc warrior.
The orc warrior is almost dead.
You constrict the orc warrior, but do no damage.
You hit the orc warrior.
You kill the orc warrior!
Okawaru accepts your kill.
The wight hits you with a +0 battleaxe!!
You die...

#.#.#..######.#.##.#.#
#.............#....#.#
##.#.#............#...#
##...................#.##
#####..#..##........#.#####.#####
#....####...)###.#....# #.....#
#.####>##.#### ##...#.## ##.#####
...##...#.# #####.###.###.####..
#####.♣.######[)@zz# ##.#####....
...##...##.).#####z# ###........
.♣..##)##..♣.>####.####...##.....
....##)##'...##...###......#.....
####.....#####..###........##....
...#..♣.## #..............#....
##.#....# #.###..........##...
##.#.#### #.# #.....#.....#...
#....#########.# ##..........##..


You could see 3 wights.

Vanquished Creatures
  Pikel (D:6)
  Jeremiah (D:6)
  2 water moccasins
  An orc warrior (D:7)
  2 hornet zombies (Ossuary)
  An ice beast (D:5)
  An ogre (D:7)
  2 centaurs (D:5)
  A phantom (D:5)
  5 bullfrogs (D:7)
  A kobold brigand (D:6)
  A scorpion (D:4)
  8 wights (D:7)
  3 howler monkeys
  4 centaur zombies (Ossuary)
  6 bullfrog zombies (Ossuary)
  3 orc priests
  7 jellies
  3 hounds
  13 mummies (Ossuary)
  Jessica (D:3)
  3 iguanas
  3 sleepcaps
  4 orc wizards
  3 killer bee zombies (Ossuary)
  A howler monkey zombie (Ossuary)
  3 gnolls (D:3)
  4 adders
  A shadow imp (D:7)
  A white imp (D:6)
  A worm (D:5)
  2 dart slugs
  25 orcs
  10 ball pythons
  3 endoplasms
  7 giant cockroaches
  9 goblins
  7 hobgoblins
  8 jackals
  5 quokkas
  3 bats
  5 frilled lizards
  13 kobolds
  5 rats
193 creatures vanquished.

Notes
Turn   | Place    | Note
-------+----------+-------------------------------------------
     0 | D:5      | Azuregosa the Octopode Delver began the quest for the Orb.
     0 | D:5      | Reached XP level 1. HP: 16/16 MP: 1/1
    18 | D:4      | Reached skill level 7 in Stealth
    20 | D:4      | Reached XP level 2. HP: 16/21 MP: 2/2
    95 | D:3      | Identified the +9 whip "Uquc" {drain, rF++ Int-5}
   166 | D:3      | Noticed Jessica
   176 | D:3      | Killed Jessica
   177 | D:3      | Reached skill level 8 in Stealth
   177 | D:3      | Reached XP level 3. HP: 10/26 MP: 3/3
   455 | D:2      | Reached XP level 4. HP: 31/31 MP: 4/4
   661 | D:1      | Reached skill level 9 in Stealth
  1579 | D:2      | Reached XP level 5. HP: 36/36 MP: 5/5
  2562 | D:4      | Reached skill level 10 in Stealth
  2599 | D:4      | Reached skill level 1 in Shields
  2642 | D:4      | Reached XP level 6. HP: 42/42 MP: 6/6
  3032 | D:4      | Found a hide-covered altar of Uskayaw.
  3479 | D:5      | Found Buaphos's Book Shoppe.
  3506 | D:5      | Reached XP level 7. HP: 46/48 MP: 7/7
  3571 | D:5      | Found Arotuen's Jewellery Emporium.
  3805 | D:5      | Found Jiownif's Antique Armour Boutique.
  3846 | D:5      | Found Qaicsit's Antique Armour Shop.
  3942 | D:5      | Found Jutus's Book Emporium.
  4309 | D:6      | Noticed Jeremiah
  4323 | D:6      | Killed Jeremiah
  4324 | D:6      | Reached skill level 5 in Fighting
  4324 | D:6      | Reached XP level 8. HP: 35/56 MP: 8/8
  4396 | D:6      | Found a sand-covered staircase.
  4404 | Ossuary  | Entered an ossuary
  4435 | Ossuary  | Reached skill level 5 in Maces & Flails
  4505 | Ossuary  | Reached skill level 5 in Shields
  4702 | Ossuary  | Reached XP level 9. HP: 32/63 MP: 9/9
  5084 | D:6      | Found a sacrificial altar of Ru.
  5506 | D:6      | Noticed Pikel
  5530 | D:6      | Killed Pikel
  5540 | D:6      | Found a staircase to the Ecumenical Temple.
  5549 | Temple   | Entered the Ecumenical Temple
  5571 | Temple   | Became a worshipper of Warmaster Okawaru
  6075 | D:7      | Found Osuo's Armour Shop.
  6140 | D:7      | Found a snail-covered altar of Cheibriados.
  6152 | D:7      | Found Horox's Weapon Shop.
  6305 | D:7      | Reached * piety under Okawaru
  6306 | D:7      | Found an opulent altar of Gozag.
  6329 | D:7      | Reached XP level 10. HP: 71/72 MP: 10/10
  6623 | D:7      | Found Siwk's Antique Armour Emporium.
  6698 | D:7      | Found Wuwogolefa's General Store.
  6706 | D:7      | Bought a scroll of teleportation for 42 gold pieces
  6706 | D:7      | Bought a potion of curing for 42 gold pieces
  6794 | D:7      | Found a hazy altar of Hepliaklqana.
  6918 | D:7      | Found a glowing silver altar of Zin.
  6997 | D:8      | Found an ornate altar of the Wu Jian Council.
  7170 | D:7      | Slain by a wight

Illustrated notes

Levels and vault maps discovered:
D:1:      dpeg_arrival_three_bigger_balls, layout_basic, hex_intersection,
          minmay_surrounded
D:2:      layout_loops_ring, minmay_misc_feat_room
D:3:      layout_basic, amcnicky_mini_rare_corridor_liquid, item_on_display_a,
          uniq_jessica
D:4:      minmay_general_purpose_star, layout_basic, nicolae_uskayaw_suspiria
D:5:      layout_gridville, serial_shops, shop, nicolae_shop_back_alley_shop,
          nicolae_diamond_shop, nicolae_diamond_shop, nicolae_shop_crystal
D:6:      layout_basic, nicolae_ru_great_annihilating_truth,
          minmay_temple_entry_water_ring, nicolae_ossuary_entry_plus,
          uniq_jeremiah, uniq_pikel
D:7:      minmay_skewed_foursquare, layout_loops_ring, marbit_many_paths,
          grunt_gozag_statues, mainiacjoe_overflow_swirl, serial_shops, shop,
          nicolae_shop_scrapyard, shop, nicolae_shop_bloodbath_and_beyond,
          grunt_ministairs_4
D:8:      layout_cave_pools, lemuel_crystal_altar
Temple:   nicolae_temple_bog_church

Skill      XL: |  1  2  3  4  5  6  7  8  9 10 |
---------------+-------------------------------+-----
Stealth        | 7 8 9 10 | 10.0
Shields        | 1 2 4 5 |  5.7
Maces & Flails | 3 4 5 7 8 |  8.3
Fighting       | 4 5 6 8 |  8.7
Dodging        | 3 4 |  4.3

Action                     |  1- 3 |  4- 6 |  7- 9 | 10-12 || total
---------------------------+-------+-------+-------+-------++-------
  Melee: Mace              |     9 |       |       |       ||     9
         Constrict         |    12 |    19 |    45 |    12 ||    88
         Tentacles         |     4 |    12 |    54 |    11 ||    81
         Whip              |    22 |   105 |   205 |    56 ||   388
         Punch             |       |       |     5 |     1 ||     6
  Evoke: Wand              |       |     1 |       |       ||     1
    Use: Scroll            |     1 |       |    11 |       ||    12
   Stab: Sleeping          |     3 |    37 |    19 |     3 ||    62
         Invisible         |       |       |     1 |       ||     1
 Armour: Skin              |    11 |    17 |    44 |    20 ||    92
  Dodge: Dodged            |    13 |    57 |   103 |    39 ||   212
  Block: Buckler           |       |     9 |    38 |    11 ||    58

Table legend: (Time is in decaauts)
 A = Elapsed time spent in this place.
 B = Non-inter-level travel time spent in this place.
 C = Inter-level travel time spent in this place.
 D = Time resting spent in this place.
 E = Time spent auto-exploring this place.
 F = Levels seen in this place.
 G = Mean time per level.
                   A        B        C        D        E       F      G
               +--------+--------+--------+--------+--------+-----+--------+
         Total |   7132 |   6966 |    166 |    759 |   4483 |  10 |  713.2 |
       Dungeon |   6461 |   6316 |    145 |    466 |   4358 |   8 |  807.6 |
        Temple |     44 |     23 |     21 |      0 |      0 |   1 |   44.0 |
       Ossuary |    625 |    625 |      0 |    293 |    125 |   1 |  625.0 |
               +--------+--------+--------+--------+--------+-----+--------+

Top non-repeatable levels by time:
     D:7: 1199 daAuts
     D:3: 988 daAuts
     D:6: 961 daAuts
     D:5: 927 daAuts
     D:1: 888 daAuts
     D:4: 862 daAuts
 Ossuary: 625 daAuts
     D:2: 612 daAuts
  Temple: 44 daAuts
     D:8: 22 daAuts
